 Dungeon Crawl Stone Soup version 0.30-a0-122-g2a1322497e (webtiles) character file.

Game seed: 476631101979501761

818 Dreamer the Sneak (level 7, -2/43 HPs)
             Began as a Vampire Enchanter on Sept 16, 2022.
             Was an Initiate of Wu Jian.
             Slain by Menkaure (11 damage)
             ... on level 5 of the Dungeon.
             The game lasted 00:15:17 (4223 turns).

Dreamer the Sneak (Vampire Enchanter)               Turns: 4223, Time: 00:15:18

Health: -2/43      AC:  6    Str:  7    XL:     7   Next: 62%
Magic:  14/14      EV: 13    Int: 17    God:    Wu Jian [......]
Gold:   308        SH:  0    Dex: 19    Spells: 11/16 levels left

rFire   . . .      SeeInvis +    f - +3 short sword (vamp)
rCold   + + .      Faith    .    (no shield)
rNeg    + + +      Spirit   .    y - +2 robe of Dess {Dex+2}
rPois   ∞          Reflect  .    (helmet restricted)
rElec   .          Harm     .    h - +0 cloak
rCorr   +          Rampage  .    (no gloves)
Will    .....                    q - +0 pair of boots
Stlth   ++++++....               (no amulet)
HPRegen 0.00/turn                e - +4 ring of slaying
MPRegen 0.14/turn                t - ring of resist corrosion

@: bloodless, inhibited regen
A: bloodless, fangs 3, see invisible, vampiric 2, horns 1, poison resistance,
robust 1
a: Bat Form, Revivify, Renounce Religion


You were on level 5 of the Dungeon.
You worshipped Wu Jian.
Wu Jian was noncommittal.
You visited 2 branches of the dungeon, and saw 6 of its levels.

You collected 308 gold pieces.

Inventory:

Hand Weapons
 f - a +3 vampiric short sword (weapon)
 w - a +2 dagger of freezing
Armour
 h - a +0 cloak (worn)
 o - a +0 helmet
 q - a +0 pair of boots (worn)
 y - the +2 robe of Dess (worn) {Dex+2}
   (You found it on level 5 of the Dungeon)

   Dex:       It affects your dexterity (+2).
Jewellery
 e - a +4 ring of slaying (left hand)
 t - a ring of resist corrosion (right hand)
Wands
 b - a wand of flame (24)
Scrolls
 g - a scroll of blinking {unknown}
 j - 4 scrolls of fear {unknown}
 k - 2 scrolls of vulnerability {unknown}
 l - 4 scrolls of amnesia {unknown}
 m - a scroll of fog {unknown}
 r - 4 scrolls of enchant weapon {unknown}
 v - a scroll of teleportation {unknown}
 x - a scroll of magic mapping {unknown}
Potions
 a - a potion of ambrosia {unknown}
 c - 4 potions of invisibility
 d - 6 potions of curing
 i - 2 potions of brilliance
 n - a potion of berserk rage {unknown}
 p - a potion of resistance {unknown}
 s - 2 potions of heal wounds {unknown}
 u - 5 potions of lignification
 z - 4 potions of attraction
 A - a potion of flight {unknown}


   Skills:
 + Level 1.1 Fighting
 + Level 4.0 Short Blades
 + Level 2.8 Dodging
 + Level 7.2 Stealth
 * Level 5.1 Spellcasting
 + Level 6.9 Hexes


You had 11 spell levels left.
You knew the following spells:

 Your Spells              Type           Power      Damage    Failure   Level
a - Ensorcelled Hibernat  Hex/Ice        32%        N/A       5%          2
b - Confusing Touch       Hex            27%        N/A       2%          3

Your spell library contained the following spells:

 Spells                   Type           Power      Damage    Failure   Level
 Tukima's Dance           Hex            27%        N/A       2%          3
 Dazzling Flash           Conj/Hex       32%        N/A       11%         3
 Portal Projectile        Hex/Tloc       32%        N/A       11%         3
 Leda's Liquefaction      Hex/Erth       8%         N/A       34%         4
 Call Canine Familiar     Summ           4%         N/A       38%         3
 Gell's Gravitas          Tloc           4%         N/A       38%         3
 Teleport Other           Tloc           4%         N/A       38%         3
 Dispersal                Tloc           2%         N/A       100%        6


Dungeon Overview and Level Annotations

Branches:
Dungeon (5/15)             Temple (1/1) D:4

Altars:
Ashenzari
Cheibriados
Dithmenos
Fedhas
Kikubaaqudgha
Makhleb
Nemelex Xobeh
Okawaru
Ru
Uskayaw
Vehumet
Wu Jian
Yredelemnul

Shops:
D:1 *[[(

Annotations:
D:5 1 runed translucent door, exclusion: door, Menkaure; void236's ghost, novice FoFi


Innate Abilities, Weirdness & Mutations

You do not regenerate when monsters are visible.
You are frail without blood (-20% HP).
You can heal yourself when you bite living creatures.
You are immune to poison.
You have razor-sharp teeth.
You have supernaturally acute eyesight. (SInv)
You are afflicted with vampirism and can become a bat while bloodless.
You have a pair of small horns on your head.
Your system is resistant to poisons. (rPois)
You are robust. (+10% HP)


Message History

You pick up a book of the Hunter and begin reading...
You add the spells Call Canine Familiar, Portal Projectile and Leda's Liquefaction to your library.
You now have 308 gold pieces (gained 14).
An ufetubus comes into view.
You lunge at the ufetubus.
The helpless ufetubus fails to defend itself.
You perforate the ufetubus like a sieve!!!
You kill the ufetubus!
The Council accepts your kill.
Found 9 stones.
Found an ancient bone altar of Kikubaaqudgha.
A jelly comes into view.
You lunge at the jelly.
The helpless jelly fails to defend itself.
You skewer the jelly like a kebab!!!
You kill the jelly!
The Council accepts your kill.
Found a runed translucent door.
Found 4 poisoned darts.
Void236's ghost turns its malevolent gaze towards you.
Press: ? - help, v - describe, . - travel
Here: void236's ghost, wielding a weapon of draining (fire blocked by a translucent stone wall) Some shallow water.
Key pressed, stopping explore.
Found a stone staircase leading up.
Menkaure, Prince of Dust comes into view.
Menkaure shouts!
You puncture Menkaure! You headbutt Menkaure. You bite Menkaure.
Menkaure is severely damaged.
Menkaure hits you!
You hit Menkaure but do no damage.
Menkaure is severely damaged.
Menkaure hits you!!
* * * LOW HITPOINT WARNING * * *
You barely miss Menkaure. You bite Menkaure.
Menkaure is almost destroyed.
You barely miss Menkaure. You punch Menkaure, but do no damage.
Menkaure is almost destroyed.
Menkaure hits you!
You die...

.......##
...........
#########... # #.#
.# # #.#
#####.########.#
#..............#
#.M.......#
##@#.###.#
#.#.###.##
.######.#.##...##
..........#.....#.
...####.##........#
#### ##.#
#.###.....#.# ....
..# #.####...##.#
####
#.####...........#
#.##.............


You could see Menkaure.

Vanquished Creatures
  Sigmund (D:3)
  Edmund (D:5)
  An ogre (D:4)
  3 scorpions
  A jelly (D:5)
  2 hounds
  Natasha (thrice) (D:3)
  Terence (D:3)
  2 adders
  A white imp (D:5)
  2 ufetubi (D:5)
  2 worms
  2 dart slugs
  An orc (D:3)
  6 endoplasms
  2 giant cockroaches
  7 goblins
  3 hobgoblins
  4 jackals (D:4)
  3 quokkas
  7 ball pythons
  2 bats
  A frilled lizard (D:1)
  10 kobolds
  5 rats
73 creatures vanquished.

Vanquished Creatures (others)
  2 plants (D:3)
2 creatures vanquished.

Grand Total: 75 creatures vanquished

Notes
Turn   | Place    | Note
-------+----------+-------------------------------------------
     0 | D:1      | Dreamer the Vampire Enchanter began the quest for the Orb.
     0 | D:1      | Reached XP level 1. HP: 13/13 MP: 3/3
    85 | D:1      | Found Ylunt's Weapon Shop.
   100 | D:1      | Found Hekixyz's Antique Armour Shoppe.
   118 | D:1      | Reached XP level 2. HP: 15/15 MP: 5/5
   125 | D:1      | Learned a level 2 spell: Ensorcelled Hibernation
   245 | D:1      | Found Hiroux's Assorted Antiques.
   291 | D:1      | Found Vodutaf's Antique Armour Shop.
   499 | D:2      | Found a faded altar of an unknown god.
   762 | D:2      | Gained mutation: You are afflicted with vampirism and can
                  | become a bat while bloodless. [Vampire growth]
   762 | D:2      | Reached XP level 3. HP: 19/19 MP: 3/6
  1283 | D:2      | Reached skill level 5 in Stealth
  1326 | D:3      | Learned a level 3 spell: Confusing Touch
  1366 | D:3      | Noticed Sigmund
  1366 | D:3      | Noticed Natasha
  1749 | D:3      | Killed Natasha
  1750 | D:3      | Reached skill level 5 in Hexes
  1859 | D:3      | Noticed Terence
  1860 | D:3      | Found a radiant altar of Vehumet.
  1878 | D:3      | Killed Terence
  1879 | D:3      | Reached XP level 4. HP: 24/24 MP: 1/8
  1882 | D:3      | Found a basalt altar of Yredelemnul.
  2025 | D:3      | Noticed Natasha
  2030 | D:3      | Killed Natasha
  2150 | D:3      | Noticed Natasha
  2636 | D:3      | Killed Sigmund
  2637 | D:3      | Reached skill level 6 in Stealth
  2637 | D:3      | Reached XP level 5. HP: 28/28 MP: 6/11
  2637 | D:3      | Reached XP level 6. HP: 32/32 MP: 6/12
  2734 | D:3      | Killed Natasha
  2740 | D:3      | Gained mutation: You are weak. (Str -2) [potion of
                  | mutation]
  2740 | D:3      | Gained mutation: Armour fits poorly on your strangely
                  | shaped body. [potion of mutation]
  2740 | D:3      | Gained mutation: You are partially covered in iridescent
                  | scales. (AC +2) [potion of mutation]
  2741 | D:3      | Lost mutation: Armour fits poorly on your strangely shaped
                  | body. [potion of mutation]
  2741 | D:3      | Lost mutation: You are partially covered in iridescent
                  | scales. (AC +2) [potion of mutation]
  2741 | D:3      | Lost mutation: You are weak. (Str -2) [potion of mutation]
  2741 | D:3      | Gained mutation: You occasionally lose the ability to drink
                  | potions when taking damage. [potion of mutation]
  2741 | D:3      | Gained mutation: You possess an exceptional clarity of
                  | mind. [potion of mutation]
  2742 | D:3      | Lost mutation: You occasionally lose the ability to drink
                  | potions when taking damage. [potion of mutation]
  2742 | D:3      | Lost mutation: You possess an exceptional clarity of mind.
                  | [potion of mutation]
  2742 | D:3      | Gained mutation: Your system is resistant to poisons.
                  | (rPois) [potion of mutation]
  2742 | D:3      | Gained mutation: You are robust. (+10% HP) [potion of
                  | mutation]
  2742 | D:3      | Gained mutation: You have a pair of small horns on your
                  | head. [potion of mutation]
  3187 | D:4      | Reached XP level 7. HP: 41/41 MP: 8/13
  3283 | D:4      | Found a staircase to the Ecumenical Temple.
  3292 | Temple   | Entered the Ecumenical Temple
  3325 | Temple   | Became a worshipper of the Wu Jian Council
  3433 | D:4      | Found a broken altar of Ashenzari.
  3767 | D:5      | Entered Level 5 of the Dungeon
  3795 | D:5      | Found a shadowy altar of Dithmenos.
  3809 | D:5      | Identified the +2 robe of Dess {Dex+2}
  3832 | D:5      | Noticed Edmund
  3842 | D:5      | Killed Edmund
  3843 | D:5      | Reached skill level 1 in Fighting
  3843 | D:5      | Reached skill level 7 in Stealth
  3843 | D:5      | Reached skill level 5 in Spellcasting
  4066 | D:5      | Found an ancient bone altar of Kikubaaqudgha.
  4125 | D:5      | Found a runed translucent door.
  4126 | D:5      | Noticed void236's ghost (novice FoFi)
  4208 | D:5      | Noticed Menkaure
  4223 | D:5      | Slain by Menkaure

Illustrated notes

Levels and vault maps discovered:
D:1:      onia_arrival_handbag, layout_rooms, serial_shops, shop,
          nicolae_shop_statue_plus, shop, shop, chequers_serial_rivers_micro_d
D:2:      layout_basic, ebering_ecumenical_altar_webs,
          kennysheep_generic_room_14
D:3:      layout_basic, mainiacjoe_overflow_big_doors, nrook_mini_vaults,
          uniq_sigmund, uniq_terence, uniq_natasha
D:4:      layout_gridville, amcnicky_altar_gilded, mainiacjoe_overflow_alcove_1,
          temple_statues, serial_glass, glass_columns_a, glass_columns_c,
          minmay_strange_pillars, due_unseen_surprise
D:5:      layout_loops_ring, nicolae_dithmenos_shadow_blocks,
          mainiacjoe_overflow_tiny_flanked, ebering_ghost_reflecting_pool,
          uniq_grinder, uniq_edmund, uniq_menkaure
Temple:   nicolae_temple_bog_church

Skill      XL: |  1  2  3  4  5  6  7 |
---------------+----------------------+-----
Stealth        | 5 6 7 |  7.2
Short Blades   | 2 3 4 |  4.0
Hexes          | 5 6 |  6.9
Spellcasting   | 3 4 5 |  5.1
Fighting       | 1 |  1.1
Dodging        | |  2.8

Action                   |  1- 3 |  4- 6 |  7- 9 || total
-------------------------+-------+-------+-------++-------
Melee: Dagger            |    45 |    37 |     8 ||    90
       Bite              |       |     1 |     5 ||     6
       Short sword       |       |       |    20 ||    20
       Headbutt          |       |       |     3 ||     3
       Punch             |       |       |     1 ||     1
 Cast: Ensorcelled Hiber |     8 |    15 |     9 ||    32
Invok: Lunge             |       |       |     8 ||     8
 Abil: Exsanguinate      |     1 |       |       ||     1
       End Transformatio |     1 |       |       ||     1
       Bat Form          |     1 |       |       ||     1
  Use: Potion            |       |     3 |       ||     3
       Scroll            |       |     2 |     3 ||     5
 Stab: Sleeping          |    18 |    11 |    11 ||    40
Armor: Robe              |     8 |     4 |     5 ||    17
Dodge: Dodged            |    21 |    23 |    16 ||    60

Table legend: (Time is in decaauts)
 A = Elapsed time spent in this place.
 B = Non-inter-level travel time spent in this place.
 C = Inter-level travel time spent in this place.
 D = Time resting spent in this place.
 E = Time spent auto-exploring this place.
 F = Levels seen in this place.
 G = Mean time per level.
                   A        B        C        D        E       F      G
               +--------+--------+--------+--------+--------+-----+--------+
         Total |   4207 |   4048 |    159 |    657 |   2377 |   6 |  701.2 |
       Dungeon |   4162 |   4003 |    159 |    657 |   2372 |   5 |  832.4 |
        Temple |     45 |     45 |      0 |      0 |      5 |   1 |   45.0 |
               +--------+--------+--------+--------+--------+-----+--------+

Top non-repeatable levels by time:
     D:2: 1419 daAuts
     D:4: 922 daAuts
     D:3: 869 daAuts
     D:1: 497 daAuts
     D:5: 452 daAuts
  Temple: 45 daAuts
